[Event "Titled Tuesday Blitz July 4 Early 2023"]
[White "Pranav, V"]
[Black "Aravindh, Chithambaram VR."]
[WhiteFideId "25060783"]
[BlackFideId "5072786"]
[WhiteElo "3007"]
[BlackElo "2923"]
[Result "1-0"]
[Round "9"]
[TimeControl "180+2"]
[Date "2023.07.04"]
[WhiteClock "0:00:04"]
[BlackClock "0:00:00"]
[Board "6"]

1. e4 c6 2. d4 d5 3. Nc3 dxe4 4. Nxe4 Nf6 5. Nxf6+ exf6 6. Be3 Bd6 7. Bd3 O-O 8. Ne2 Bf5 9. O-O Bxd3 10. Qxd3 Re8 11. c4 Nd7 12. Rad1 Nf8 13. c5 Bc7 14. Nc3 Ba5 15. d5 Bxc3 16. Qxc3 cxd5 17. Qb3 Qc7 18. Rxd5 Re4 19. Rfd1 Rae8 20. g3 h6 21. Rd6 Qc8 22. Qd5 R4e5 23. Qd3 Qh3 24. Qf1 Qg4 25. a3 Ng6 26. R1d4 Qf5 27. b4 R5e7 28. Qd3 Qf3 29. Qd1 Ne5 30. Rf4 Qxd1+ 31. Rxd1 h5 32. Kg2 Ng4 33. Bd4 Rd7 34. h3 Nh6 35. Rc1 Kh7 36. c6 bxc6 37. Rxc6 Re2 38. Ra6 Rd2 39. Bxa7 Ra2 40. Be3 Rd3 41. Rf3 Rd1 42. Bxh6 Kxh6 43. Rf4 Rb1 44. Ra5 Kg6 45. Rff5 Rb3 46. Rf3 Rb1 47. Ra4 Rbb2 48. Ra5 Rb1 49. b5 1-0


[Site "https://www.chess.com"]

[Event "Titled Tuesday Blitz July 4 Early 2023"]
[White "Khismatullin, Denis"]
[Black "Durarbayli, Vasif"]
[WhiteFideId "4142578"]
[BlackFideId "13402935"]
[WhiteElo "2994"]
[BlackElo "2917"]
[Result "1/2-1/2"]
[Round "9"]
[TimeControl "180+2"]
[Date "2023.07.04"]
[WhiteClock "0:00:11"]
[BlackClock "0:00:07"]
[Board "7"]

1. d4 Nf6 2. c4 e6 3. Nf3 b6 4. g3 Ba6 5. Qa4 Bb7 6. Bg2 Be7 7. O-O O-O 8. Rd1 c6 9. Nc3 d5 10. Ne5 Nfd7 11. Nf3 Nf6 12. Ne5 Nfd7 13. Nxd7 Nxd7 14. e4 dxe4 15. Nxe4 Nf6 16. Nxf6+ Bxf6 17. Bf4 Bxd4 18. Be5 Bxe5 19. Rxd8 Rfxd8 20. Qc2 Rab8 21. Rd1 Bd4 22. Qa4 b5 23. cxb5 cxb5 24. Qxb5 Bxg2 25. Rxd4 Bd5 26. Qe2 Bxa2 27. Rxd8+ Rxd8 28. h3 Bd5 29. Qa6 Ra8 30. g4 h6 31. Kh2 Rb8 32. Qa3 Rb3 33. Qa1 g5 34. Qc1 a5 35. Qa1 a4 36. Qxa4 Rxb2 37. Qd4 Re2 38. Kg3 Re1 39. f4 Re2 40. fxg5 hxg5 41. h4 Re4 42. Qd2 gxh4+ 43. Kxh4 f5 44. Qg5+ Kf7 45. Qh5+ Ke7 46. Qh7+ Kd6 47. Kg3 Rxg4+ 48. Kf2 Rf4+ 49. Ke3 Re4+ 50. Kd3 f4 51. Qh8 Re3+ 52. Kd2 Rf3 53. Qd8+ Ke5 54. Qh8+ Ke4 55. Qh7+ Kd4 56. Qg7+ e5 57. Qa7+ Ke4 58. Qh7+ Kd4 59. Qa7+ Ke4 60. Qa4+ Kf5 61. Qd7+ Ke4 62. Qa4+ Kf5 63. Qd7+ Ke4 64. Qh7+ Kd4 65. Qa7+ 1/2-1/2


[Site "https://www.chess.com"]

[Event "Titled Tuesday Blitz July 4 Early 2023"]
[White "Demchenko, Anton"]
[Black "Terry, Renato"]
[WhiteFideId "4160258"]
[BlackFideId "3803457"]
[WhiteElo "2897"]
[BlackElo "2992"]
[Result "1/2-1/2"]
[Round "9"]
[TimeControl "180+2"]
[Date "2023.07.04"]
[WhiteClock "0:00:06"]
[BlackClock "0:00:04"]
[Board "8"]

1. e4 c6 2. d4 d5 3. e5 c5 4. Nf3 cxd4 5. Nxd4 Nc6 6. Nxc6 bxc6 7. Bd3 e6 8. Nd2 a5 9. Qe2 Qb6 10. O-O Ba6 11. c4 Ne7 12. b3 Ng6 13. Nf3 Bc5 14. h4 Ne7 15. h5 h6 16. Bf4 a4 17. Rab1 axb3 18. axb3 Bb4 19. Nh2 Qd4 20. Bg3 Rd8 21. Rfd1 Qc5 22. Ra1 Bb7 23. Rac1 Qb6 24. Ng4 c5 25. Bh4 dxc4 26. Bxc4 Rxd1+ 27. Rxd1 Nc6 28. Rd6 Qc7 29. Bb5 O-O 30. Nxh6+ Kh7 31. Bd3+ Kh8 32. Qe4 f5 33. exf6 gxf6 34. Qg6 Qg7 35. Rxe6 Ne5 36. Qxg7+ Kxg7 37. Nf5+ Kg8 38. Bc4 Nxc4 39. bxc4 Bc8 40. Ne7+ Kf7 41. Rxf6+ Kxe7 42. Rf3+ Ke8 43. Re3+ Kf7 44. Re7+ Kg8 45. h6 Bf5 46. Rg7+ Kh8 47. g4 Bc2 48. Bg3 Bc3 49. Rc7 Rg8 50. Rxc5 Rxg4 51. Kh2 Kh7 52. Rc6 Be4 53. Re6 Bg6 54. c5 Rc4 55. c6 Bf5 56. Rd6 Bb4 57. Rd5 Be6 58. Re5 Rxc6 59. Rg5 Kxh6 60. Bf4 Kh7 61. Kg3 Be7 62. Re5 Bf6 63. Rh5+ Kg6 64. Ra5 Rc3+ 65. f3 Rb3 66. Ra6 Kf7 67. Ra7+ Ke8 68. Ra6 Kf7 69. Ra7+ Kg6 70. Ra6 Bd5 71. Be5 Rxf3+ 72. Kg4 Rf1 73. Rxf6+ Rxf6 74. Bxf6 1/2-1/2


[Site "https://www.chess.com"]

[Event "Titled Tuesday Blitz July 4 Early 2023"]
[White "Galchenko, Matvey"]
[Black "Chigaev, Maksim"]
[WhiteFideId "24175480"]
[BlackFideId "4108116"]
[WhiteElo "2889"]
[BlackElo "2937"]
[Result "0-1"]
[Round "9"]
[TimeControl "180+2"]
[Date "2023.07.04"]
[WhiteClock "0:00:01"]
[BlackClock "0:00:30"]
[Board "9"]

1. e4 e6 2. d4 d5 3. Nc3 Nf6 4. e5 Nfd7 5. Nce2 c5 6. c3 Nc6 7. f4 Be7 8. Nf3 O-O 9. g3 f6 10. Bh3 Qb6 11. Bxe6+ Kh8 12. Bxd5 cxd4 13. cxd4 fxe5 14. dxe5 Ndxe5 15. fxe5 Nxe5 16. Bf4 Ng4 17. Nfd4 Bb4+ 18. Nc3 Qc5 19. Bf3 Bxc3+ 20. bxc3 Qxc3+ 21. Kf1 Rxf4 22. Qe2 Rf8 23. Kg2 Qxd4 0-1


[Site "https://www.chess.com"]

[Event "Titled Tuesday Blitz July 4 Early 2023"]
[White "Ter-Sahakyan, Samvel"]
[Black "Xiong, Jeffery"]
[WhiteFideId "13302531"]
[BlackFideId "2047640"]
[WhiteElo "2875"]
[BlackElo "2927"]
[Result "0-1"]
[Round "9"]
[TimeControl "180+2"]
[Date "2023.07.04"]
[WhiteClock "0:00:00"]
[BlackClock "0:01:25"]
[Board "10"]

1. d4 d5 2. Nf3 Nf6 3. Bf4 e6 4. Nbd2 c5 5. e3 Nbd7 6. c3 Be7 7. h3 O-O 8. Bd3 c4 9. Bc2 b5 10. e4 dxe4 11. Nxe4 Bb7 12. Neg5 h6 13. h4 b4 14. Kf1 a5 15. Qe2 a4 16. a3 bxc3 17. bxc3 Qa5 18. Bd2 Bd6 19. Rh3 Qd5 20. Be3 Rfe8 21. Kg1 e5 22. dxe5 Nxe5 23. Rd1 Nd3 24. Bxd3 cxd3 25. Rxd3 Qc4 26. Nd2 Qc6 27. Ngf3 Bxa3 28. Qd1 Bf8 29. Rg3 a3 30. Nd4 Qa6 31. Bxh6 a2 32. N2b3 a1=Q 33. Nxa1 Qxa1 34. Qxa1 Rxa1+ 35. Kh2 Ne4 0-1


[Site "https://www.chess.com"]

[Event "Titled Tuesday Blitz July 4 Early 2023"]
[White "Nakamura, Hikaru"]
[Black "MKlose11"]
[WhiteFideId "2016192"]
[WhiteElo "3147"]
[BlackElo "2650"]
[Result "1-0"]
[Round "9"]
[TimeControl "180+2"]
[Date "2023.07.04"]
[WhiteClock "0:00:18"]
[BlackClock "0:00:28"]
[Board "11"]

1. Nf3 Nf6 2. b3 g6 3. Bb2 Bg7 4. d4 c5 5. dxc5 Qa5+ 6. Nbd2 Qxc5 7. e3 O-O 8. c4 Nc6 9. a3 d6 10. b4 Qb6 11. Be2 Bd7 12. O-O Rac8 13. Rc1 Rfe8 14. c5 dxc5 15. Rxc5 Bg4 16. Qa1 Rcd8 17. Nc4 Qc7 18. b5 Ne4 19. Bxg7 Nxc5 20. bxc6 b5 21. Nce5 Kxg7 22. Nxg4+ f6 23. h4 h5 24. Ngh2 Qxc6 25. Nd4 Qe4 26. Bxb5 Rf8 27. Bc6 Qe5 28. Nhf3 Qd6 29. Qc3 e5 30. Qxc5 exd4 31. Qxd6 Rxd6 32. Nxd4 Rb8 33. g3 Rb2 34. Rc1 a5 35. a4 Kf7 36. Bb5 Ke7 37. Rc7+ Kf8 38. Ra7 Rb1+ 39. Kg2 g5 40. Nf5 Rdd1 41. Bc4 Ke8 42. hxg5 fxg5 43. Bb5+ Kf8 44. Kf3 g4+ 45. Kf4 Rb2 46. Kg5 Rxf2 47. e4 h4 48. Kxh4 Re1 49. Bc4 Rxe4 50. Rf7+ Ke8 51. Nd6+ Kd8 52. Nxe4 Rxf7 53. Bxf7 Ke7 54. Bc4 Kd7 55. Bb5+ Kc7 56. Kxg4 Kb6 57. Kf3 Kc7 58. g4 Kd8 59. g5 Ke7 60. Kf4 Kf7 61. Nd2 Kg7 62. Nc4 Kf7 63. Nxa5 Ke6 64. Nc4 Kf7 65. a5 Ke6 66. a6 Ke7 67. a7 Kd8 68. a8=N Ke7 69. Nab6 Kf7 70. Kf5 Ke7 71. g6 Kf8 72. Kf6 Kg8 73. g7 Kh7 74. Bc6 Kh6 75. g8=N+ Kh7 76. Ne7 Kh6 77. Bf3 Kh7 78. Nf5 Kh8 79. Nd7 Kg8 80. Nce5 Kh7 81. Bh5 Kh8 82. Bg6 Kg8 83. Bh7+ Kh8 84. Kf7 Kxh7 85. Nf6+ Kh8 86. Ng6# 1-0


[Site "https://www.chess.com"]

[Event "Titled Tuesday Blitz July 4 Early 2023"]
[White "demon64fields"]
[Black "Lazavik, Denis"]
[BlackFideId "13515110"]
[WhiteElo "2816"]
[BlackElo "3039"]
[Result "1/2-1/2"]
[Round "9"]
[TimeControl "180+2"]
[Date "2023.07.04"]
[WhiteClock "0:00:13"]
[BlackClock "0:00:06"]
[Board "12"]

1. Nf3 f5 2. d4 Nf6 3. Bg5 e6 4. Nbd2 Be7 5. Bxf6 Bxf6 6. e4 O-O 7. Bd3 d5 8. exf5 exf5 9. O-O Nc6 10. c3 g5 11. Re1 Qd6 12. Qc2 g4 13. Ne5 Nxe5 14. dxe5 Bxe5 15. g3 Bd7 16. Rad1 Bg7 17. c4 c6 18. Qb3 Kh8 19. cxd5 cxd5 20. Bb5 Bc6 21. Nf1 f4 22. Bxc6 bxc6 23. Qc2 Rf6 24. Rd2 Raf8 25. Rde2 d4 26. Qe4 Qd7 27. b4 R6f7 28. Rd1 Qd6 29. a3 Qh6 30. Rc2 Qh3 31. Rxd4 Bxd4 32. Qxd4+ Kg8 33. Rc5 Qh6 34. Qc4 Kh8 35. Rxc6 Qg7 36. Rc8 fxg3 37. Rxf8+ Rxf8 38. hxg3 Qf6 39. Qc5 a6 40. Nh2 Rg8 41. Qc4 h5 42. Qd5 Rg5 43. Qd3 Kg7 44. Nf1 Rf5 45. Qd2 Re5 46. Ne3 Qe6 47. Qd4 Kg6 48. Qd3+ Kh6 49. a4 Kg7 50. b5 axb5 51. axb5 Qf6 52. Qd7+ Kh6 53. Qd3 Qe6 54. Qd4 Rxb5 55. Qf4+ Rg5 56. Qf8+ Kh7 57. Qf4 Rg7 58. Qd4 Rf7 59. Qd3+ Qg6 60. Qd5 Ra7 61. Ng2 Ra1+ 62. Kh2 Ra7 63. Nf4 Qf7 64. Qg5 Re7 65. Qxh5+ Qxh5+ 66. Nxh5 Kg6 67. Nf4+ Kf5 68. Kg2 Ra7 69. Nd3 Ra2 70. Nf4 Ke4 71. Nh5 Rb2 72. Nf4 Rb6 73. Nh5 Kd3 74. Nf4+ Kd2 75. f3 Ke3 76. fxg4 Rb2+ 77. Kh3 Kf3 78. g5 Rb1 79. Kh2 Kg4 80. g6 Rb7 81. Kg2 Rb2+ 82. Kf1 Kxg3 83. g7 Rb8 84. Nh5+ Kf3 85. Ke1 Rg8 86. Kd2 Kg2 87. Ke3 Kh3 88. Kf4 Kh4 89. Nf6 Rxg7 90. Kf5 Rg1 91. Ne4 Rf1+ 92. Ke5 Kg4 93. Nd6 Re1+ 94. Kd5 Kf4 95. Nf7 Rd1+ 96. Ke6 Re1+ 97. Kd5 Re2 98. Nd6 Re5+ 99. Kd4 Re7 100. Nc4 Rd7+ 101. Kc5 Ke4 102. Nd6+ Ke5 103. Nc4+ Ke6 104. Ne3 Rd3 105. Nc4 Rd5+ 106. Kb4 Rh5 107. Kc3 Kd5 108. Ne3+ Ke4 109. Nc4 Rc5 110. Kb4 Kd4 111. Nd2 Rc8 112. Nf3+ Kd5 113. Nd2 Rc2 114. Nb3 Rc4+ 115. Kb5 Rh4 116. Na5 Rh1 117. Kb4 Rb1+ 118. Kc3 Rb5 119. Nb3 Rb8 120. Nd2 Rc8+ 121. Kd3 Rc7 122. Ke3 Rc3+ 123. Kf4 Rd3 124. Nf3 Ra3 125. Ng5 Ra4+ 126. Kf5 Ra1 127. Kf4 Rf1+ 128. Nf3 Ra1 129. Ke3 Ra4 130. Kd3 Ra3+ 131. Ke2 Ke4 132. Nd2+ Kf4 133. Nc4 Rc3 134. Nd2 Rh3 135. Nc4 Rg3 136. Nd2 Rc3 137. Nf1 Ke4 138. Nd2+ Kd5 139. Nf3 Ra3 1/2-1/2


[Site "https://www.chess.com"]

[Event "Titled Tuesday Blitz July 4 Early 2023"]
[White "Lin, Dachey"]
[Black "Paravyan, David"]
[WhiteFideId "2029650"]
[BlackFideId "4194985"]
[WhiteElo "2804"]
[BlackElo "2981"]
[Result "0-1"]
[Round "9"]
[TimeControl "180+2"]
[Date "2023.07.04"]
[WhiteClock "0:00:04"]
[BlackClock "0:00:42"]
[Board "14"]

1. Nc3 Nf6 2. e4 e5 3. f4 d5 4. fxe5 Nxe4 5. Qf3 Nc6 6. Bb5 Nxc3 7. dxc3 Qh4+ 8. g3 Qe4+ 9. Qxe4 dxe4 10. Ne2 Bd7 11. Bxc6 Bxc6 12. Nd4 Bd7 13. Bf4 c5 14. Nb3 O-O-O 15. O-O-O Be7 16. h4 h6 17. Nd2 g5 18. hxg5 hxg5 19. Be3 Bf5 20. Rdf1 Bg6 21. Nc4 Kd7 22. Rxh8 Rxh8 23. Nd6 Bxd6 24. exd6 Rh3 25. Rg1 f6 26. Bxc5 b6 27. Bd4 f5 28. Be3 f4 29. Bd4 e3 30. gxf4 gxf4 31. b4 Bf5 32. Rg5 Rh1+ 33. Kb2 e2 34. Bf2 Rf1 35. Bh4 Be6 36. Re5 f3 37. Bg3 f2 38. Rxe2 Rb1+ 39. Kxb1 f1=Q+ 40. Re1 Qc4 41. Be5 Qxa2+ 42. Kc1 Bf5 43. Re2 Qa1+ 44. Kd2 Qb1 45. Ke3 a5 46. bxa5 bxa5 47. Rf2 Qe1+ 0-1


[Site "https://www.chess.com"]

[Event "Titled Tuesday Blitz July 4 Early 2023"]
[White "Rustemov, Alexander"]
[Black "Kramnik, Vladimir"]
[WhiteFideId "4119002"]
[BlackFideId "4101588"]
[WhiteElo "2793"]
[BlackElo "2976"]
[Result "1/2-1/2"]
[Round "9"]
[TimeControl "180+2"]
[Date "2023.07.04"]
[WhiteClock "0:00:01"]
[BlackClock "0:00:05"]
[Board "15"]

1. d4 Nf6 2. c4 e6 3. Nf3 Bb4+ 4. Bd2 Qe7 5. g3 Nc6 6. Nc3 Bxc3 7. Bxc3 Ne4 8. Qc2 Nxc3 9. Qxc3 Qb4 10. Kd2 d6 11. Qxb4 Nxb4 12. Bg2 Ke7 13. Kc3 Nc6 14. Ne1 e5 15. dxe5 Nxe5 16. Nd3 h5 17. h4 Ng4 18. Rhf1 a5 19. Nf4 c6 20. Rad1 g6 21. b3 Bf5 22. e4 Bd7 23. Rd2 Rad8 24. f3 Ne5 25. Rfd1 Bc8 26. Nd3 f6 27. a3 g5 28. Nxe5 dxe5 29. Rxd8 Rxd8 30. Rxd8 Kxd8 31. c5 Ke7 32. b4 axb4+ 33. axb4 Kf7 34. Kd2 Be6 35. Bf1 g4 36. Be2 gxf3 37. Bxf3 Kg6 38. Ke3 Bh3 39. Be2 Bg2 40. Bc4 Bh3 41. b5 cxb5 42. Bxb5 f5 43. Be8+ Kh6 44. Bf7 Bg2 45. Bd5 Kg7 46. Bxb7 Kf6 47. Bd5 Ke7 48. Kf2 Bh1 49. Ke3 Bg2 50. Bb7 Kd8 51. Bd5 Ke7 1/2-1/2


[Site "https://www.chess.com"]

[Event "Titled Tuesday Blitz July 4 Early 2023"]
[White "Indjic, Aleksandar"]
[Black "Bauman_Guy"]
[WhiteFideId "911925"]
[WhiteElo "2965"]
[BlackElo "2756"]
[Result "1-0"]
[Round "9"]
[TimeControl "180+2"]
[Date "2023.07.04"]
[WhiteClock "0:02:08"]
[BlackClock "0:00:42"]
[Board "16"]

1. d4 Nf6 2. c4 e6 3. Nc3 Bb4 4. Qc2 d5 5. cxd5 exd5 6. Bg5 h6 7. Bh4 c5 8. dxc5 g5 9. Bg3 Ne4 10. e3 Qa5 11. Rc1 Qxa2 12. Bb5+ Bd7 13. Bxd7+ Nxd7 14. Ne2 Qc4 15. O-O Bxc3 16. Nxc3 Nxc3 17. Qxc3 Qxc3 18. Rxc3 Ke7 19. Rd1 Ke6 20. c6 bxc6 21. Rxc6+ Ke7 22. Bd6+ Kd8 23. Rxd5 Rc8 24. Rxc8+ Kxc8 25. Bb4 Re8 26. Kf1 Re6 27. Bc3 Kc7 28. Ke2 a6 29. Rf5 f6 30. f3 Kd8 31. h4 Ke7 32. e4 Kf7 33. Kf2 Kg6 34. Rd5 Nb6 35. Ra5 Nd7 36. Kg3 Rc6 37. Kg4 h5+ 38. Kg3 Nc5 39. hxg5 fxg5 40. Kf2 Nd3+ 41. Ke3 Nf4 42. g3 Ne6 43. f4 gxf4+ 44. gxf4 Nc5 45. Bd4 Nb3 46. Rg5+ Kh6 47. Bg7+ Kh7 48. Bc3 Kh6 49. Rg8 Nc5 50. f5 h4 51. Kf4 Nd3+ 52. Kg4 Nf2+ 53. Kxh4 1-0


[Site "https://www.chess.com"]

[Event "Titled Tuesday Blitz July 4 Early 2023"]
[White "Nguyen, Ngoc Truong Son"]
[Black "Goryachkina, Aleksandra"]
[WhiteFideId "12401110"]
[BlackFideId "4147103"]
[WhiteElo "2905"]
[BlackElo "2728"]
[Result "1-0"]
[Round "9"]
[TimeControl "180+2"]
[Date "2023.07.04"]
[WhiteClock "0:00:16"]
[BlackClock "0:00:03"]
[Board "17"]

1. e4 c5 2. Nf3 e6 3. c3 Nf6 4. e5 Nd5 5. Bc4 Nc6 6. O-O Nb6 7. Bb3 c4 8. Bc2 d6 9. exd6 Qxd6 10. b3 Be7 11. Na3 cxb3 12. axb3 O-O 13. d4 Bd7 14. Nc4 Nxc4 15. bxc4 Qc7 16. d5 Nb8 17. Qd3 g6 18. Re1 Rd8 19. Bg5 Be8 20. Bxe7 Qxe7 21. Qe3 Na6 22. Qh6 Qf8 23. Qh4 Nc5 24. Ng5 Qg7 25. Re3 a5 26. Rae1 Ra6 27. Nxh7 Rad6 28. Nf6+ Kf8 29. g4 a4 30. g5 a3 31. Bb1 Ba4 32. Qf4 Bb3 33. R3e2 a2 34. Bxa2 Bxa2 35. Rxa2 Nd3 36. Qxd6+ 1-0


[Site "https://www.chess.com"]

[Event "Titled Tuesday Blitz July 4 Early 2023"]
[White "Suyarov, Mukhammadzokhid"]
[Black "Samadov, Read"]
[WhiteFideId "14210495"]
[BlackFideId "13417444"]
[WhiteElo "2724"]
[BlackElo "2862"]
[Result "1-0"]
[Round "9"]
[TimeControl "180+2"]
[Date "2023.07.04"]
[WhiteClock "0:01:06"]
[BlackClock "0:00:33"]
[Board "18"]

1. d4 Nf6 2. Nc3 g6 3. e4 d6 4. f4 Bg7 5. Bd3 O-O 6. Nf3 c5 7. dxc5 dxc5 8. e5 Nd5 9. Nxd5 Qxd5 10. Qe2 Be6 11. Ng5 Nc6 12. Be4 Qd7 13. Nxe6 Qxe6 14. O-O Rad8 15. c3 f6 16. f5 gxf5 17. Bxf5 Qf7 18. exf6 Qxf6 19. Be6+ Kh8 20. Rxf6 exf6 21. Bf4 Rfe8 22. Qg4 Ne7 23. Rf1 Rd3 24. Qh5 Red8 25. Bb3 Ng6 26. Bh6 Bxh6 27. Qxh6 R3d6 28. Bc2 1-0


[Site "https://www.chess.com"]

[Event "Titled Tuesday Blitz July 4 Early 2023"]
[White "Koziorowicz, Michal"]
[Black "Pap, Gyula"]
[WhiteFideId "21809194"]
[BlackFideId "725323"]
[WhiteElo "2713"]
[BlackElo "2854"]
[Result "0-1"]
[Round "9"]
[TimeControl "180+2"]
[Date "2023.07.04"]
[WhiteClock "0:00:00"]
[BlackClock "0:00:24"]
[Board "19"]

1. e4 e5 2. Nc3 Nf6 3. Bc4 Nc6 4. d3 Bb4 5. Ne2 d5 6. exd5 Nxd5 7. O-O Be6 8. Ne4 Qd7 9. c3 Be7 10. Qa4 Nb6 11. Bxe6 Qxe6 12. Qc2 O-O 13. Be3 Rad8 14. Rfd1 Nd5 15. Bc5 f5 16. Bxe7 Qxe7 17. Nd2 Kh8 18. Qb3 Nb6 19. Nf1 f4 20. f3 Rf6 21. Kh1 a5 22. Nd2 Rfd6 23. d4 exd4 24. Ne4 a4 25. Qa3 Nc4 26. Qc5 Nxb2 27. Rd2 dxc3 28. Rxd6 cxd6 29. Qxc3 d5 30. Qxb2 dxe4 31. fxe4 Qxe4 32. Rf1 a3 33. Qb5 Qd3 34. Qxd3 Rxd3 35. Nxf4 Rd2 36. Ne6 h5 37. h4 Rxa2 38. Re1 g6 39. Nc5 Rc2 40. Nb3 Rb2 0-1


[Site "https://www.chess.com"]

[Event "Titled Tuesday Blitz July 4 Early 2023"]
[White "Rahman, Masruri"]
[Black "Taspinar, Yanki"]
[WhiteFideId "7101163"]
[BlackFideId "34561188"]
[WhiteElo "2854"]
[BlackElo "2705"]
[Result "0-1"]
[Round "9"]
[TimeControl "180+2"]
[Date "2023.07.04"]
[WhiteClock "0:00:05"]
[BlackClock "0:00:05"]
[Board "20"]

1. d4 Nf6 2. Bf4 e6 3. e3 b6 4. Nd2 Bb7 5. Ngf3 Be7 6. Bd3 O-O 7. O-O c5 8. c3 Nc6 9. h3 d6 10. Qe2 Rc8 11. Ba6 Qd7 12. Bxb7 Qxb7 13. a4 Rfd8 14. Rfd1 h6 15. Nc4 Qa6 16. Kf1 d5 17. Nce5 Qxe2+ 18. Kxe2 Nxe5 19. Bxe5 Ne8 20. Nd2 Nd6 21. Bxd6 Bxd6 22. a5 b5 23. a6 b4 24. cxb4 cxd4 25. exd4 Bxb4 26. Kd3 Kf8 27. Ra4 Bd6 28. b4 Rc7 29. b5 Rdc8 30. b6 axb6 31. Rb1 Rc3+ 32. Ke2 R3c6 33. a7 Ra8 34. Ra6 Ke7 35. Kd3 Kd7 36. Nb3 Rc7 37. Rba1 Kc6 38. Nc1 Kb7 39. Ne2 Bb4 40. R6a4 Ba5 41. Rb1 Kxa7 42. f4 Rac8 43. Ke3 Rc2 44. Ra3 Ka6 45. Rd3 Ra2 46. Ng3 Rcc2 47. Kf3 Rxg2 48. Kg4 g6 49. Kh4 b5 50. Rdb3 Bd8+ 51. Kg4 h5+ 52. Kf3 Rgf2+ 53. Ke3 Rfc2 54. Nf1 Ba5 55. Kd3 Rc4 56. Ke3 Rca4 57. Kf3 R2a3 58. Ne3 Rxb3 59. Rxb3 Rb4 60. Ra3 Rxd4 61. Rd3 Rxd3 62. Ke2 Rxe3+ 63. Kxe3 Bc7 0-1


[Site "https://www.chess.com"]

[Event "Titled Tuesday Blitz July 4 Early 2023"]
[White "Amilal Munkhdalai"]
[Black "Dubov, Daniil"]
[WhiteFideId "4903250"]
[BlackFideId "24126055"]
[WhiteElo "2704"]
[BlackElo "3070"]
[Result "0-1"]
[Round "9"]
[TimeControl "180+2"]
[Date "2023.07.04"]
[WhiteClock "0:00:10"]
[BlackClock "0:00:12"]
[Board "22"]

1. e4 c5 2. Nf3 Nc6 3. Bb5 e5 4. O-O Nge7 5. c3 g6 6. d4 cxd4 7. cxd4 exd4 8. Nxd4 Bg7 9. Be3 O-O 10. Nc3 d5 11. exd5 Nb4 12. Nb3 Nbxd5 13. Nxd5 Nxd5 14. Bc5 Bxb2 15. Bxf8 Bxa1 16. Qxa1 Qxf8 17. Rd1 Be6 18. Nd4 Qg7 19. Qc1 Rc8 20. Qd2 Rc5 21. Bf1 Qf6 22. Nxe6 fxe6 23. g3 Kg7 24. Re1 Qc3 25. Qe2 Rc7 26. Bg2 Rf7 27. Rd1 Qc5 28. Bxd5 exd5 29. Qe5+ Rf6 30. Qxd5 Qxf2+ 31. Kh1 Qf3+ 32. Qxf3 Rxf3 33. Rd7+ Rf7 34. Rd6 Kf8 35. Kg2 Ke7 36. Rd4 Rf6 37. Re4+ Re6 38. Rb4 Rb6 39. Ra4 a6 40. Kf3 Kd6 41. h4 Kc5 42. Re4 Rb2 43. a4 Rb3+ 44. Kf4 Rb4 45. Rxb4 Kxb4 46. Kg5 Kxa4 47. Kh6 b5 48. Kxh7 b4 49. Kxg6 b3 50. h5 b2 51. h6 b1=Q+ 52. Kg7 Qb2+ 53. Kg6 Qc2+ 54. Kg7 Qc3+ 55. Kg6 Qxg3+ 0-1


[Site "https://www.chess.com"]

[Event "Titled Tuesday Blitz July 4 Early 2023"]
[White "So, Wesley"]
[Black "Samunenkov, Ihor"]
[WhiteFideId "5202213"]
[BlackFideId "14187086"]
[WhiteElo "3069"]
[BlackElo "2750"]
[Result "1-0"]
[Round "9"]
[TimeControl "180+2"]
[Date "2023.07.04"]
[WhiteClock "0:02:03"]
[BlackClock "0:00:45"]
[Board "23"]

1. e4 c5 2. Nf3 Nc6 3. Nc3 g6 4. d4 cxd4 5. Nxd4 Bg7 6. Be3 Nf6 7. Bc4 O-O 8. Bb3 Re8 9. h3 d6 10. Qd2 Bd7 11. O-O-O Nxd4 12. Bxd4 b5 13. h4 b4 14. Bxf6 exf6 15. Qxd6 bxc3 16. Qxd7 cxb2+ 17. Kb1 Qxd7 18. Rxd7 Rxe4 19. Bd5 Ree8 20. Bxf7+ 1-0


[Site "https://www.chess.com"]

[Event "Titled Tuesday Blitz July 4 Early 2023"]
[White "Gunina, Valentina"]
[Black "Shimanov, Aleksandr"]
[WhiteFideId "4167570"]
[BlackFideId "4198603"]
[WhiteElo "2759"]
[BlackElo "2906"]
[Result "0-1"]
[Round "9"]
[TimeControl "180+2"]
[Date "2023.07.04"]
[WhiteClock "0:00:09"]
[BlackClock "0:00:03"]
[Board "24"]

1. d4 Nf6 2. c4 g6 3. Nc3 Bg7 4. e4 O-O 5. Nf3 d6 6. Be2 Nbd7 7. Be3 e5 8. d5 Ng4 9. Bg5 f6 10. Bd2 Nh6 11. b4 Nf7 12. h4 f5 13. h5 f4 14. hxg6 hxg6 15. g3 g5 16. gxf4 exf4 17. Qc2 Nde5 18. Nxe5 Nxe5 19. O-O-O f3 20. Bd3 Bd7 21. Rdg1 g4 22. Nd1 Qf6 23. Bf1 c5 24. bxc5 dxc5 25. Ne3 a6 26. Bc3 Qf4 27. Rh5 Rae8 28. Bd2 Qf7 29. Rgh1 Qg6 30. Nf5 Bxf5 31. exf5 Qf6 32. Kd1 Nf7 33. Bd3 Re7 34. R5h4 Ne5 35. Bc3 Rfe8 36. Be4 Qg5 37. f6 Bxf6 38. Rh5 Qg7 39. Rh8+ Qxh8 40. Rxh8+ Bxh8 41. Qd2 Nf7 42. Bxh8 Rxe4 43. Bc3 g3 44. Qd3 g2 0-1


[Site "https://www.chess.com"]

[Event "Titled Tuesday Blitz July 4 Early 2023"]
[White "Weetik, Vjacheslav"]
[Black "Grandelius, Nils"]
[WhiteFideId "4153472"]
[BlackFideId "1710400"]
[WhiteElo "2746"]
[BlackElo "2893"]
[Result "0-1"]
[Round "9"]
[TimeControl "180+2"]
[Date "2023.07.04"]
[WhiteClock "0:00:00"]
[BlackClock "0:01:25"]
[Board "25"]

1. d4 d5 2. c4 e6 3. Nf3 h6 4. g3 Nf6 5. Bg2 Bd6 6. O-O O-O 7. Nc3 dxc4 8. Nd2 e5 9. Nxc4 exd4 10. Nxd6 Qxd6 11. Nb5 Qb6 12. a4 a6 13. Nxd4 Rd8 14. Be3 Ng4 15. a5 Qb4 16. Qc2 Qe7 17. Qc3 Nxe3 18. fxe3 c6 19. Nb3 Re8 20. Rad1 Nd7 21. e4 Nf6 22. Nc5 Bg4 23. Rd2 Rad8 24. Rfd1 Rxd2 25. Rxd2 Bc8 26. b4 h5 27. Qd4 Ng4 28. h3 Ne5 29. Kh2 h4 30. g4 Qg5 31. Qd6 Nc4 32. Rd1 Nxd6 0-1


[Site "https://www.chess.com"]

[Event "Titled Tuesday Blitz July 4 Early 2023"]
[White "Zhigalko, Sergei"]
[Black "Postny, Evgeny"]
[WhiteFideId "13502956"]
[BlackFideId "2804344"]
[WhiteElo "2890"]
[BlackElo "2738"]
[Result "0-1"]
[Round "9"]
[TimeControl "180+2"]
[Date "2023.07.04"]
[WhiteClock "0:00:01"]
[BlackClock "0:00:07"]
[Board "26"]

1. e4 e5 2. Nf3 Nc6 3. Bb5 a6 4. Ba4 Nf6 5. O-O Be7 6. Re1 b5 7. Bb3 d6 8. c3 O-O 9. h3 Nb8 10. d4 Nbd7 11. Nbd2 Bb7 12. Bc2 Re8 13. Nf1 Bf8 14. Ng3 g6 15. b3 c5 16. d5 c4 17. bxc4 bxc4 18. Rb1 Qc7 19. Be3 Reb8 20. Nd2 a5 21. Ba4 Nc5 22. Bb5 Nfd7 23. Nxc4 Ba6 24. Bxa6 Nxa6 25. Qe2 Nac5 26. Na3 Na4 27. Nb5 Qc8 28. c4 Nac5 29. Rec1 Qd8 30. Qd2 h5 31. f3 Be7 32. Kh1 Rc8 33. Qc2 Bg5 34. Bxg5 Qxg5 35. Nf1 Qe7 36. Ne3 Kh7 37. Qd2 Nf6 38. Rc2 h4 39. Ng4 Nh5 40. Qh6+ Kg8 41. Nc3 Nd3 42. Ne2 Rab8 43. Rd1 Nc5 44. Nc3 Qf8 45. Nb5 Qxh6 46. Nxh6+ Kg7 47. Ng4 Rb6 48. Rb1 Nf4 49. Kh2 Rcb8 50. Ne3 Ncd3 51. Rd2 Nc5 52. Kh1 Kf8 53. Rc2 Ke7 54. Nd1 Kd7 55. Ndc3 f6 56. Na4 Nxa4 57. Rbc1 Nc5 58. Nc3 Nfd3 59. Nb5 Nxc1 60. Rxc1 Rxb5 61. cxb5 Rxb5 62. Rc2 Rb1+ 63. Kh2 Rb4 64. g3 g5 65. gxh4 gxh4 66. Kg2 a4 67. Kf2 a3 68. Ke3 Rb2 69. Rd2 Kc7 70. Rd1 Rxa2 71. f4 Rb2 72. fxe5 fxe5 73. Ra1 Rb3+ 74. Kf2 Kb6 75. Rxa3 Rxa3 0-1


[Site "https://www.chess.com"]